 Dungeon Crawl Stone Soup version 0.29.0-4-gdea44cf6ec (webtiles) character file.

Game seed: 4226117503587609735

42 qw the Chopper (level 3, 0/23 HPs)
             Began as a Tengu Warper on Aug 28, 2022.
             Slain by Terence
             ... wielding a +0 hand axe
              (8 damage)
             ... on level 2 of the Dungeon.
             The game lasted 00:00:06 (1651 turns).

qw the Chopper (Tengu Warper)                       Turns: 1651, Time: 00:00:07

Health: 0/23       AC:  3    Str: 13    XL:     3   Next: 54%
Magic:  7/7        EV: 12    Int: 13    God:
Gold:   42         SH:  0    Dex: 15    Spells: 6/6 levels left

rFire   . . .      SeeInvis .   Y - +0 hand axe
rCold   . . .      Faith    .   (no shield)
rNeg    . . .      Spirit   .   b - +0 leather armour
rPois   +          Reflect  .   (helmet restricted)
rElec   .          Harm     .   (no cloak)
rCorr   .          Rampage  .   (no gloves)
Will    .....                   (boots unavailable)
Stlth   ++........              (no amulet)
HPRegen 0.07/turn               (no ring)
MPRegen 0.10/turn               (no ring)

@: no status effects
A: beak, talons 3, thin skeletal structure 1, poison resistance, robust 1
a: no special abilities


You were on level 2 of the Dungeon.
You visited 1 branch of the dungeon, and saw 2 of its levels.

You collected 42 gold pieces.


Innate Abilities, Weirdness & Mutations

You have a beak for a mouth.
You have claws for feet.
You have a somewhat thin skeletal structure. (Dex +2, Stealth+)
Your system is resistant to poisons. (rPois)
You are robust. (+10% HP)


   Skills:
 - Level 2.0 Fighting
 + Level 4.2 Axes
 - Level 1.0 Throwing
 - Level 1.1 Armour
 - Level 2.1 Dodging
 - Level 2.0 Spellcasting
 - Level 2.4 Translocations


You had 6 spell levels left.
You didn't know any spells.
Your spell library contained the following spells:

 Spells                   Type           Power      Damage    Failure   Level
 Blink                    Tloc           14%        N/A       19%         2
 Gell's Gravitas          Tloc           7%         N/A       36%         3
 Lesser Beckoning         Tloc           7%         N/A       36%         3
 Teleport Other           Tloc           7%         N/A       36%         3
 Manifold Assault         Tloc           7%         N/A       98%         5

Inventory:

Hand Weapons
 d - a +0 whip
 Y - a +0 hand axe (weapon)
Missiles
 k - 3 boomerangs (quivered)
Armour
 b - a +0 leather armour (worn)
Potions
 g - a potion of mutation
 i - a potion of curing {unknown}
 j - a potion of haste {unknown}

Dungeon Overview and Level Annotations

Branches:
Dungeon (2/15)

Altars:

Shops:
D:1 :

Annotations:
D:2 Terence


Message History

Terence misses you.
You hit Terence.
Terence is lightly wounded.
Terence hits you with a +0 hand axe.
You hit Terence but do no damage. You claw Terence, but do no damage.
Your peck misses Terence.
Terence is lightly wounded.
Terence barely misses you. Terence misses you.
You barely miss Terence. You claw Terence.
Terence is moderately wounded.
Terence closely misses you.
You hit Terence but do no damage.
Terence is moderately wounded.
Terence hits you with a +0 hand axe!
You hit Terence but do no damage. Your kick misses Terence.
You peck Terence, but do no damage.
Terence is moderately wounded.
Terence misses you.
You barely miss Terence. Your kick misses Terence.
You peck Terence, but do no damage.
Terence is moderately wounded.
Terence closely misses you.
You closely miss Terence.
Terence is moderately wounded.
Terence closely misses you.
You hit Terence but do no damage. Your kick misses Terence.
Terence is moderately wounded.
Terence shouts, "Now you die!" Terence barely misses you.
You hit Terence.
Terence is heavily wounded.
Terence closely misses you.
You barely miss Terence. You claw Terence, but do no damage.
Terence is heavily wounded.
Terence hits you with a +0 hand axe.
You hit Terence.
Terence is heavily wounded.
Terence shouts, "DIE!!!"
Terence hits you with a +0 hand axe!
You die...

#....#...#
######.###.#
#.#...##
#.#.#..#
########.#.#..#
.........#.#..##
########.#.#...#
..........#..#
..........@..#
.########@##.#
..... .#
#.###### # #


You could see Terence.

Vanquished Creatures
  An adder (D:2)
  A dart slug (D:1)
  3 endoplasms (D:1)
  2 giant cockroaches (D:1)
  4 goblins (D:1)
  3 hobgoblins (D:1)
  2 kobolds (D:1)
  2 quokkas (D:1)
  4 bats (D:1)
  3 frilled lizards (D:1)
  4 rats (D:1)
29 creatures vanquished.

Notes
Turn   | Place    | Note
-------+----------+-------------------------------------------
     0 | D:1      | qw the Tengu Warper began the quest for the Orb.
     0 | D:1      | Reached XP level 1. HP: 12/12 MP: 4/4
     0 | D:1      | 0 ||| qw: Version: 0.1-a-89-g26bdef1
     0 | D:1      | 0 ||| qw: Game counter: 72
     0 | D:1      | 0 ||| qw: Always use a shield: true
     0 | D:1      | 0 ||| qw: God list: Okawaru
     0 | D:1      | 0 ||| qw: Allow faded altars: false
     0 | D:1      | 0 ||| qw: Do Orc after D:15 true
     0 | D:1      | 0 ||| qw: Do second Lair branch before Depths: true
     0 | D:1      | 0 ||| qw: Lair rune preference: random
     0 | D:1      | 0 ||| qw: Plans: Normal
     0 | D:1      | 0 ||| PLANNING D:1-11
   253 | D:1      | 253 ||| Stepping ~*~*~tactically~*~*~ (stealth).
   255 | D:1      | 255 ||| Stepping ~*~*~tactically~*~*~ (stealth).
   260 | D:1      | Reached skill level 3 in Axes
   260 | D:1      | Reached XP level 2. HP: 12/17 MP: 6/6
   358 | D:1      | 358 ||| DROPPING +0 club.
   371 | D:1      | Found Saeteah's Vocational Training.
   828 | D:1      | Reached XP level 3. HP: 21/21 MP: 7/7
  1002 | D:1      | 1002 ||| Stepping ~*~*~tactically~*~*~ (stealth).
  1020 | D:1      | Reached skill level 4 in Axes
  1271 | D:1      | 1271 ||| READING scroll labelled YKLOMNU LUGGAG.
  1272 | D:1      | 1272 ||| READING scroll labelled CYPRAIXAESI.
  1273 | D:1      | 1273 ||| READING scroll labelled CIMPEK MAE.
  1274 | D:1      | 1274 ||| DRINKING 2 glowing yellow potions.
  1274 | D:1      | Gained mutation: Your system is resistant to poisons.
                  | (rPois) [potion of mutation]
  1274 | D:1      | Gained mutation: You have a somewhat thin skeletal
                  | structure. (Dex +2, Stealth+) [potion of mutation]
  1274 | D:1      | Gained mutation: You are robust. (+10% HP) [potion of
                  | mutation]
  1299 | D:1      | 1299 ||| DROPPING scroll of blinking.
  1332 | D:2      | HP: 5/23 [poisoned by an adder]
  1636 | D:2      | Noticed Terence
  1651 | D:2      | Slain by Terence

Levels and vault maps discovered:
D:1:      elethiomel_arrival_maze, layout_basic, nicolae_shop_vocational
D:2:      layout_basic, uniq_terence

Skill      XL: |  1  2  3 |
---------------+----------+-----
Axes           | 3 4 |  4.2
Fighting       | |  2.0
Throwing       | |  1.0
Armour         | |  1.1
Dodging        | |  2.1
Spellcasting   | |  2.0
Translocations | |  2.4

Action                   || total
-------------------------++-------
Melee: Hand axe          ||    89
       Kick              ||    20
       Peck              ||     7
Throw: Boomerang         ||     9
  Use: Scroll            ||     3
       Potion            ||     1
Armor: Leather armour    ||    18
Dodge: Dodged            ||    43

Table legend:
 A = Non-vault XP
 B = Vault XP
 C = Vault XP percentage of total XP
 D = Non-vault monster count
 E = Vault monster count
 F = Vault count percentage of total count
                 A         B        C        D         E       F
            +---------+---------+-------+---------+---------+-------
      Total |      60 |       0 |   0.0 |      29 |       0 |   0.0
            +---------+---------+-------+---------+---------+-------
        D:1 |      47 |       0 |   0.0 |      28 |       0 |   0.0
        D:2 |      13 |       0 |   0.0 |       1 |       0 |   0.0
            +---------+---------+-------+---------+---------+-------
